 Dungeon Crawl Stone Soup version 0.22.0-49-gab54619 (webtiles) character file.

9996 Heatsaber the Thaumaturge (level 11, -2/66 (68) HPs)
             Began as a Deep Elf Venom Mage on Sept 6, 2018.
             Was an Elder of Kikubaaqudgha.
             Shot with a bolt by an orc knight (31 damage)
             ... on level 2 of the Orcish Mines on Sept 7, 2018.
             The game lasted 03:02:42 (12278 turns).

Heatsaber the Thaumaturge (Deep Elf Venom Mage)    Turns: 12278, Time: 03:02:43

HP:   -2/66 (68)    AC:  8    Str:  9    XL:     11   Next: 30%
MP:   4/25          EV: 31    Int: 22    God:    Kikubaaqudgha [****..]
Gold: 635           SH:  0    Dex: 15    Spells: 4/27 levels left

rFire    + . .     SeeInvis .   S - +0 quarterstaff (distort)
rCold    . . .     Gourm    .   (shield currently unavailable)
rNeg     . . .     Faith    .   a - +0 robe
rPois    .         Spirit   .   o - +2 hat
rElec    .         Reflect  .   R - +0 cloak of the Saviour {Str+2}
rCorr    .         Harm     .   A - +1 pair of gloves
MR       +....                  v - +0 pair of boots
Stlth    ++........             P - amulet of the acrobat
HPRegen  0.21/turn              g - +5 ring of slaying
MPRegen  0.19/turn              V - ring of protection from fire

@: very slightly contaminated
A: no striking features
a: Receive Corpses, Renounce Religion


You were on level 2 of the Orcish Mines.
You worshipped Kikubaaqudgha.
Kikubaaqudgha was greatly pleased with you.
You were hungry.

You visited 3 branches of the dungeon, and saw 12 of its levels.

You collected 882 gold pieces.
You spent 247 gold pieces at shops.

Inventory:

Hand Weapons
 D - a +1 rapier of venom
 E - a +0 shortbow
 N - a +1 whip of electrocution
 S - a +0 quarterstaff of distortion (weapon)
Missiles
 F - 137 arrows
Armour
 a - a +0 robe (worn)
 h - a +0 leather armour
 j - a +0 buckler
 o - a +2 hat (worn)
 v - a +0 pair of boots (worn)
 A - a +1 pair of gloves (worn)
 R - the +0 cloak of the Saviour (worn) {Str+2}
   (You bought it in a shop on level 4 of the Dungeon)

   It affects your strength (+2).
Magical Staves
 L - an uncursed staff of fire
 U - an uncursed staff of poison {unknown}
Jewellery
 g - a +5 ring of slaying (left hand)
 C - a +2 amulet of reflection
 J - an uncursed ring of fire
 O - an uncursed ring of fire
 P - an amulet of the acrobat (around neck)
 Q - an uncursed ring of flight
 V - a ring of protection from fire (right hand)
Wands
 k - a wand of polymorph (10)
 T - a wand of enslavement (4)
Scrolls
 l - a scroll of amnesia
 m - 3 scrolls of fear
 q - 3 scrolls of immolation
 r - 4 scrolls of remove curse
 s - 5 scrolls of teleportation
 t - a scroll of enchant weapon
 u - 2 scrolls of magic mapping {unknown}
 y - a scroll of blinking
 B - 3 scrolls of fog {unknown}
 I - a scroll of noise {unknown}
 M - a scroll of identify
Potions
 b - 3 potions of curing
 e - a potion of agility {unknown}
 f - 2 potions of haste
 n - a potion of flight {unknown}
 p - 3 potions of heal wounds
 w - 4 potions of ambrosia {unknown}
 x - a potion of degeneration {unknown}
 z - a potion of brilliance {unknown}
 G - a potion of cancellation
 H - a potion of invisibility {unknown}
 K - a potion of magic
Comestibles
 c - 16 rations


   Skills:
 - Level 8.0 Fighting
 + Level 5.4 Staves
 - Level 7.0 Dodging
 - Level 2.4 Stealth
 - Level 5.0 Shields
 + Level 8.9 Spellcasting
 - Level 2.0 Conjurations
 - Level 8.6 Necromancy
 - Level 1.0 Air Magic
 - Level 7.0 Poison Magic


You had 4 spell levels left.
You knew the following spells:

 Your Spells              Type           Power        Failure   Level  Hunger
a - Animate Dead          Necr           N/A          1%          4    ##.....
b - Poisonous Vapours     Pois/Air       ####..       1%          2    None
c - Mephitic Cloud        Conj/Pois/Air  ###.....     5%          3    None
d - Dispel Undead         Necr           #####...     5%          5    #####..
e - Corpse Rot            Necr           N/A          1%          2    None
f - Vampiric Draining     Necr           #####.....   1%          3    None
g - Olgreb's Toxic Radia  Pois           #####...     3%          4    ##.....

Your spell library contained the following spells:

 Spells                   Type           Power        Failure   Level  Hunger
 Pain                     Necr           ####         1%          1    None
 Sting                    Conj/Pois      ####         1%          1    None
 Sublimation of Blood     Necr           #####.....   1%          2    None
 Venom Bolt               Conj/Pois      ####......   30%         5    #####..
 Death Channel            Necr           #####.....   30%         6    ######.
 Borgnjor's Vile Clutch   Necr/Erth      ####......   32%         5    #####..
 Simulacrum               Ice/Necr       ####......   87%         6    ######.


Dungeon Overview and Level Annotations

Branches:
Dungeon (9/15)             Temple (1/1) D:5            Lair (0/6) D:9
    Orc (2/2) D:9
    Elf: Orc:2

Altars:
Ashenzari
Cheibriados
Dithmenos
Elyvilon
Fedhas
Gozag
Hepliaklqana
Kikubaaqudgha
Makhleb
Nemelex Xobeh
Okawaru
Qazlal
Ru
Sif Muna
Trog
Uskayaw
Vehumet
Wu Jian
Xom
Yredelemnul
Zin
The Shining One
Beogh

Shops:
D:4 [   D:9 !

Annotations:
D:5 Oddysee's ghost, novice HaHu


Message History

The orc knight is poisoned.
The orc knight shoots a bolt.
The bolt closely misses you.
The orc knight shoots a bolt.
The bolt barely misses you.
You kill the orc!
Kikubaaqudgha accepts your kill.
The orc knight looks even sicker.
Your toxic aura wanes.
The orc knight shoots a bolt.
The bolt hits you!
Press: ? - help, v - describe, . - travel, g - get item A whip.
There is something else lying underneath.
The floor.
Unknown command.
Items here: ( )) [[ a chain mail; a war axe of freezing; 3 tomahawks; a plate armour; a mace The orc knight shoots a bolt.
The bolt misses you.
The orc knight shoots a bolt.
The bolt hits you!!
The orc knight shoots a bolt.
The bolt hits you!!
You die...
Kikubaaqudgha rasps: "You have failed me!
Welcome... death!"

.......)##.)[o....#
##.........))....##
#.........[))...##
#$#.[)..[[[#.###
#.....$(####
##.....)####
###..$)o#..## ##
#.....))....##
#.##....@)?.....##
#....$..<(......##
##......#(........##
###.......#..([......##
.........###..........#
.....(....#.$..(.....##
#.........#.........##
####......o.....#..##
###.^........#.##


You could see an orc knight.

Vanquished Creatures
  A two-headed ogre (D:8)
  The ghost of aaksess the Skirmisher, a novice OgWr of Okawaru (D:7)
  Pikel (D:8)
  An orc knight (Orc:2)
  Maurice (D:8)
  2 trolls (Orc:1)
  A hippogriff (D:8)
  A wyvern (D:4)
  A yak (D:9)
  Duvessa (D:6)
  16 orc warriors
  A black bear (D:9)
  A necrophage (D:7)
  4 sky beasts
  7 ogres
  2 centaurs
  3 big kobolds (D:8)
  2 gnoll sergeants (D:8)
  6 bullfrogs
  3 scorpions (D:5)
  Dowan (D:6)
  2 water moccasin skeletons
  6 killer bees
  5 wights
  A crimson imp (D:5)
  9 hounds
  15 orc priests
  A centaur zombie (D:7)
  5 jellies
  3 bullfrog skeletons
  9 orc wizards
  2 gnoll shamans (D:8)
  An iguana (D:4)
  14 worker ants
  2 hound skeletons (D:4)
  Robin (D:3)
  A worker ant zombie (D:7)
  4 gnolls (D:8)
  9 adders
  A shadow imp (D:9)
  An adder skeleton (D:4)
  3 worms
  A dart slug (D:2)
  4 leopard geckos
  43 orcs
  8 giant cockroaches
  14 goblins
  13 hobgoblins
  12 jackals
  2 quokkas
  3 bats
  A frilled lizard (D:1)
  8 kobolds (D:8)
  8 rats
  A butterfly (D:5)
270 creatures vanquished.

Vanquished Creatures (collateral kills)
  A wyvern (D:9)
  3 orc warriors (Orc:2)
  3 orc priests (Orc:2)
  An orc (Orc:2)
8 creatures vanquished.

Vanquished Creatures (others)
  A slave (D:8)
  A wight (D:5)
  An orc wizard (Orc:2)
  A fungus (D:9)
  A plant (D:8)
5 creatures vanquished.

Grand Total: 283 creatures vanquished

Notes
Turn   | Place    | Note
-------+----------+-------------------------------------------
     0 | D:1      | Heatsaber the Deep Elf Venom Mage began the quest for the
                  | Orb.
     0 | D:1      | Reached XP level 1. HP: 10/10 MP: 6/6
   401 | D:1      | Reached XP level 2. HP: 15/15 MP: 6/8
   405 | D:1      | Learned a level 2 spell: Poisonous Vapours
  1195 | D:2      | Reached XP level 3. HP: 17/19 MP: 1/9
  1200 | D:2      | Learned a level 3 spell: Mephitic Cloud
  1273 | D:2      | Found a faded altar of an unknown god.
  1473 | D:2      | Found an ancient bone altar of Kikubaaqudgha.
  1843 | D:3      | Reached skill level 5 in Poison Magic
  1843 | D:3      | Reached XP level 4. HP: 24/24 MP: 0/11
  2099 | D:3      | Noticed Robin
  2131 | D:3      | Killed Robin
  2131 | D:3      | Reached XP level 5. HP: 14/28 MP: 0/12
  2205 | D:3      | Learned a level 4 spell: Olgreb's Toxic Radiance
  2415 | D:2      | Became a worshipper of Kikubaaqudgha
  2495 | D:4      | Found Qyamnoemig's Antique Armour Shoppe.
  2524 | D:4      | Reached skill level 1 in Air Magic
  2550 | D:4      | Reached skill level 1 in Necromancy
  2653 | D:4      | Noticed a phantom
  2686 | D:4      | Reached XP level 6. HP: 25/32 MP: 9/13
  3142 | D:4      | Reached skill level 5 in Dodging
  3341 | D:4      | Noticed a wyvern
  3359 | D:4      | Killed a wyvern
  3359 | D:4      | Reached XP level 7. HP: 16/36 MP: 6/14
  3778 | D:5      | Entered Level 5 of the Dungeon
  3788 | D:5      | Reached * piety under Kikubaaqudgha
  3788 | D:5      | Identified Kikubaaqudgha's Reference Book on Sinister
                  | Secrets (Kikubaaqudgha gifted it to you on level 5 of the
                  | Dungeon)
  3788 | D:5      | Received a gift from Kikubaaqudgha
  3839 | D:5      | Learned a level 2 spell: Corpse Rot
  3857 | D:5      | Found a staircase to the Ecumenical Temple.
  3897 | D:5      | Noticed Oddysee's ghost (novice HaHu)
  3902 | D:5      | Found a runed gate.
  3902 | D:5      | Found a runed gate.
  3902 | D:5      | Found a runed gate.
  4818 | D:6      | Noticed Duvessa
  4819 | D:6      | Noticed Dowan
  4831 | D:6      | Killed Dowan
  4836 | D:6      | Killed Duvessa
  4836 | D:6      | Reached skill level 5 in Necromancy
  4836 | D:6      | Reached XP level 8. HP: 41/41 MP: 4/16
  5090 | D:6      | Learned a level 3 spell: Vampiric Draining
  5378 | D:7      | Reached skill level 1 in Fighting
  5378 | D:7      | Reached skill level 5 in Spellcasting
  5913 | D:7      | Found a runed gate.
  5913 | D:7      | Noticed aaksess's ghost (novice OgWr)
  5914 | D:7      | Found a runed gate.
  5915 | D:7      | Found a roughly hewn altar of Beogh.
  5915 | D:7      | Found a runed gate.
  6237 | D:7      | Reached XP level 9. HP: 45/52 MP: 10/18
  6250 | D:7      | Reached ** piety under Kikubaaqudgha
  6277 | D:7      | Killed aaksess's ghost
  6868 | D:8      | Reached skill level 1 in Shields
  7120 | D:7      | Reached skill level 5 in Fighting
  7655 | D:8      | Noticed Maurice
  7683 | D:8      | Killed Maurice
  7683 | D:8      | Reached XP level 10. HP: 28/58 MP: 7/19
  8166 | D:8      | Noticed a two-headed ogre
  8219 | D:8      | Killed a two-headed ogre
  8385 | D:8      | Noticed Pikel
  8408 | D:8      | Killed Pikel
  8408 | D:8      | Reached skill level 5 in Shields
  8511 | D:4      | Bought a crude cloak for 247 gold pieces
  8521 | D:4      | Identified the cursed +0 cloak of the Saviour {Str+2} (You
                  | bought it in a shop on level 4 of the Dungeon)
  8781 | Temple   | Entered the Ecumenical Temple
  8951 | D:5      | Found a runed door.
  9211 | D:5      | Found a runed door.
  9226 | D:5      | Reached *** piety under Kikubaaqudgha
  9226 | D:5      | Identified Kikubaaqudgha's Guide on Darkness (Kikubaaqudgha
                  | gifted it to you on level 5 of the Dungeon)
  9226 | D:5      | Received a gift from Kikubaaqudgha
  9253 | D:5      | Learned a level 4 spell: Animate Dead
  9671 | D:8      | Reached skill level 1 in Staves
  9982 | D:9      | Found a staircase to the Orcish Mines.
  9983 | D:9      | Found Mogi Say's Distillery.
 10678 | D:9      | Found a staircase to the Lair.
 10918 | Orc:1    | Entered Level 1 of the Orcish Mines
 10926 | Orc:1    | Reached XP level 11. HP: 46/66 MP: 13/23
 11265 | Orc:2    | Entered Level 2 of the Orcish Mines
 11269 | Orc:2    | Reached **** piety under Kikubaaqudgha
 11870 | Orc:2    | Learned a level 5 spell: Dispel Undead
 12064 | Orc:2    | Reached skill level 5 in Staves
 12166 | Orc:2    | Noticed an orc knight
 12202 | Orc:2    | Killed an orc knight
 12251 | Orc:2    | Noticed an orc knight
 12278 | Orc:2    | Shot with a bolt by an orc knight

Skill      XL: |  1  2  3  4  5  6  7  8  9 10 11 |
---------------+----------------------------------+-----
Conjurations   | 2 |  2.0
Poison Magic   | 4 5 6 7 |  7.0
Dodging        | 3 4 5 6 7 |  7.0
Air Magic      | 1 |  1.0
Necromancy     | 1 3 5 7 8 |  8.6
Spellcasting   | 4 5 7 8 |  8.9
Fighting       | 3 6 8 |  8.0
Shields        | 3 5 |  5.0
Staves         | 3 5 |  5.4
Stealth        | |  2.4

Action                   |  1- 3 |  4- 6 |  7- 9 | 10-12 || total
-------------------------+-------+-------+-------+-------++-------
Melee: Unarmed           |     6 |       |       |       ||     6
       Dagger            |     8 |    53 |    23 |       ||    84
       Rapier            |       |       |   118 |    13 ||   131
       Quarterstaff      |       |       |       |   114 ||   114
 Fire: Shortbow          |       |       |     2 |       ||     2
 Cast: Sting             |    54 |    32 |    74 |     5 ||   165
       Poisonous Vapours |     5 |    20 |    33 |    67 ||   125
       Olgreb's Toxic Ra |       |     6 |    15 |    35 ||    56
       Animate Dead      |       |       |       |    12 ||    12
       Corpse Rot        |       |       |       |     1 ||     1
       Mephitic Cloud    |       |       |       |     7 ||     7
       Vampiric Draining |       |       |       |     1 ||     1
  Use: Potion            |       |     3 |     2 |       ||     5
       Scroll            |       |     6 |     2 |     5 ||    13
 Stab: Sleeping          |     1 |       |     2 |       ||     3
  Eat: Chunk             |     3 |     6 |    13 |    12 ||    34
       Ration            |       |       |     1 |     2 ||     3
Armor: Robe              |     2 |    10 |    24 |    23 ||    59
Dodge: Dodged            |    16 |    63 |   122 |   148 ||   349
Block: Other             |       |       |     7 |       ||     7
